 Seeded DCSS version 0.28.0-43-g3370ac3207 (webtiles) character file.

Game seed: 9871404364189446373 (custom seed)

129 croobank the Firebug (level 4, -3/34 HPs)
             Began as a Demigod Fire Elementalist on Mar 26, 2022.
             Slain by a black bear (6 damage)
             ... on level 4 of the Dungeon.
             The game lasted 00:09:12 (2854 turns).

croobank the Firebug (Demigod Fire Elementalist)    Turns: 2854, Time: 00:09:12

Health: -3/34      AC:  2    Str: 13    XL:     4   Next: 58%
Magic:  2/10       EV: 12    Int: 17    God:
Gold:   160        SH:  0    Dex: 14    Spells: 0/7 levels left

rFire   . . .      SeeInvis .   x - +0 scimitar
rCold   + . .      Faith    .   (no shield)
rNeg    . . .      Spirit   .   a - +0 robe
rPois   .          Reflect  .   (no helmet)
rElec   .          Harm     .   (no cloak)
rCorr   .          Rampage  .   (no gloves)
Will    .....                   (no boots)
Stlth   ++........              (no amulet)
HPRegen 0.11/turn               w - ring of protection from cold
MPRegen 0.12/turn               (no ring)

@: no status effects
A: high MP 1, forlorn, divine attributes
a: no special abilities


You were on level 4 of the Dungeon.
You visited 1 branch of the dungeon, and saw 4 of its levels.

You collected 160 gold pieces.

Inventory:

Hand Weapons
 m - a +0 spear
 t - a +0 hand axe
 x - a +0 scimitar (weapon)
Missiles
 b - 109 stones
 h - 93 arrows
 n - 43 sling bullets
 o - 3 poisoned darts
 q - 2 boomerangs
 r - a throwing net
Armour
 a - a +0 robe (worn)
 c - a +0 leather armour
 f - a +0 ring mail
Jewellery
 w - a ring of protection from cold (left hand)
Scrolls
 d - a scroll of holy word {holy word, unknown}
 g - 2 scrolls of identify {identify, unknown}
 i - 4 scrolls of teleportation {teleport, unknown}
 j - 4 scrolls of amnesia {amnesia, unknown}
 l - a scroll of immolation {immolation, unknown}
 s - a scroll of torment {torment, unknown}
 u - a scroll of enchant weapon {enchant weapon, unknown}
Potions
 e - a potion of ambrosia {ambrosia, unknown}
 k - 3 potions of curing {curing, unknown}
 p - 2 potions of attraction {attraction, unknown}
 v - a potion of flight {flight, unknown}


   Skills:
 + Level 0.5 Fighting
 + Level 2.5 Dodging
 + Level 2.6 Stealth
 + Level 2.4 Spellcasting
 + Level 1.9 Conjurations
 + Level 3.2 Fire Magic


You couldn't memorise any spells.
You knew the following spells:

 Your Spells              Type           Power      Damage    Failure   Level
a - Foxfire               Conj/Fire      44%        2x1d6     6%          1
b - Scorch                Fire           26%        2d6       8%          2
c - Flame Wave            Conj/Fire      11%        2d5       54%         4

Your spell library contained the following spells:

 Spells                   Type           Power      Damage    Failure   Level
 Beastly Appendage        Tmut           4%         N/A       19%         1
 Sting                    Tmut/Pois      8%         1d3       19%         1
 Conjure Flame            Conj/Fire      11%        6-21      19%         3
 Poisonous Vapours        Pois/Air       4%         N/A       28%         2
 Wereblood                Tmut           2%         N/A       28%         2
 Inner Flame              Hex/Fire       7%         N/A       28%         3
 Ignite Poison            Fire/Tmut/Pois 5%         N/A       34%         3
 Mephitic Cloud           Conj/Pois/Air  4%         N/A       38%         3
 Spider Form              Tmut/Pois      2%         N/A       50%         3
 Olgreb's Toxic Radiance  Pois           2%         N/A       88%         4
 Freezing Cloud           Conj/Ice/Air   2%         6-21      98%         5


Dungeon Overview and Level Annotations

Branches:
Dungeon (4/15)
 Temple: D:4-7


Innate Abilities, Weirdness & Mutations

You have an increased reservoir of magic. (+10% MP)
You shall have no god before yourself.
Your divine heritage dramatically boosts your attributes as you level up.


Message History

The black bear is moderately wounded.
The black bear's fire resistance burns away.
The black bear completely misses you. The black bear claws you.
The black bear closely misses you. The endoplasm barely misses you.
Casting: Scorch (safe; 8% risk of failure)
Confirm with . or Enter, or press ? or * to list all spells.
Flames lash the black bear.
The black bear is burned terribly!
The black bear is severely wounded.
The black bear bites you.
The black bear claws you but does no damage.
The black bear claws you. The endoplasm freezes you.
You are frozen.
You resist.
Casting: Scorch (safe; 8% risk of failure)
Confirm with . or Enter, or press ? or * to list all spells.
Flames lash the black bear.
The black bear is burned terribly!
The black bear is almost dead.
The endoplasm hits you but does no damage.
The black bear goes berserk!
Casting: Scorch (safe; 8% risk of failure)
Confirm with . or Enter, or press ? or * to list all spells.
Flames lash the endoplasm.
The endoplasm is severely wounded.
The endoplasm's fire resistance burns away.
The black bear closely misses you. The black bear claws you. x2
The endoplasm freezes you.
You are frozen.
You resist. The black bear misses you. The black bear claws you.
The black bear barely misses you.
You closely miss the black bear. You punch the black bear.
The black bear is almost dead.
The black bear bites you.
* * * LOW HITPOINT WARNING * * *
The black bear claws you.
* * * LOW HITPOINT WARNING * * *
The black bear barely misses you. The endoplasm freezes you.
You are frozen.
You resist.
* * * LOW HITPOINT WARNING * * *
The black bear closely misses you. x2; The black bear claws you.
You die...

...### .### .......
... ......†. ..#
........##..###
..............###
................#
...........)...#
......[..@h..#
...........#..J#.##
<...#..##....#...#
#...#.......##### ##
#..#........### ...
#.............##
#..##.......#....#.#
...........#<..##.##
###......†).†......##


You could see a black bear (berserk, combustible) and an endoplasm
(combustible).

Vanquished Creatures
  An orc priest (D:3)
  2 adders
  An adder skeleton (D:4)
  A worm (D:2)
  A dart slug (D:3)
  6 orcs (D:3)
  7 ball pythons
  11 endoplasms
  8 goblins
  3 hobgoblins
  3 jackals (D:4)
  3 quokkas
  7 bats
  3 frilled lizards
  2 kobolds
  2 rats (D:2)
61 creatures vanquished.

Vanquished Creatures (others)
  120 foxfires
120 creatures vanquished.

Grand Total: 181 creatures vanquished

Notes
Turn   | Place    | Note
-------+----------+-------------------------------------------
     0 | D:1      | croobank the Demigod Fire Elementalist began the quest for
                  | the Orb.
     0 | D:1      | Reached XP level 1. HP: 14/14 MP: 5/5
    54 | D:1      | Reached skill level 1 in Conjurations
   215 | D:1      | Reached XP level 2. HP: 20/20 MP: 5/7
   218 | D:1      | Learned a level 2 spell: Scorch
  1319 | D:2      | Reached XP level 3. HP: 26/26 MP: 4/8
  1361 | D:2      | Reached skill level 3 in Fire Magic
  2209 | D:3      | Reached XP level 4. HP: 11/33 MP: 1/10
  2598 | D:3      | Learned a level 4 spell: Flame Wave
  2849 | D:4      | Noticed a black bear
  2854 | D:4      | Slain by a black bear

Illustrated notes

Levels and vault maps discovered:
D:1:      onia_arrival_mini_maze_b, layout_basic, bh_walls_and_bars
D:2:      layout_basic, serial_glass, glass_columns_c, glass_columns_b,
          nrook_campfire, minmay_tripent
D:3:      layout_basic, minmay_misc_feat_encased
D:4:      layout_cave_pools

Skill      XL: |  1  2  3 |
---------------+----------+-----
Conjurations   | 1 |  1.9
Stealth        | 2 |  2.6
Dodging        | 2 |  2.5
Spellcasting   | 2 |  2.4
Fire Magic     | 3 |  3.2
Fighting       | |  0.5

Action                   |  1- 3 |  4- 6 || total
-------------------------+-------+-------++-------
Melee: Spear             |    23 |       ||    23
       Unarmed           |     2 |       ||     2
       Scimitar          |     2 |     6 ||     8
       Hand axe          |     2 |       ||     2
       Punch             |       |     1 ||     1
 Cast: Foxfire           |    56 |    11 ||    67
       Scorch            |    12 |     8 ||    20
 Stab: Sleeping          |     1 |       ||     1
Armor: Robe              |     5 |     5 ||    10
Dodge: Dodged            |    17 |    11 ||    28
